 Dungeon Crawl Stone Soup version 0.29.0-5-ge4962eb29e (webtiles) character file.

Game seed: 6595576517158680665

1260 FluffGlitter the Firebug (level 8, -4/41 HPs)
             Began as a Gargoyle Fire Elementalist on Aug 29, 2022.
             Slain by an ogre zombie
             ... wielding a +0 giant club of venom
              (6 damage)
             ... on level 5 of the Dungeon.
             The game lasted 00:26:55 (8337 turns).

FluffGlitter the Firebug (GrFE)                     Turns: 8337, Time: 00:26:55

Health: -4/41      AC: 11    Str: 12    XL:     8   Next: 52%
Magic:  9/16       EV: 11    Int: 18    God:
Gold:   218        SH:  0    Dex: 10    Spells: 12/18 levels left

rFire   . . .      SeeInvis .   a - +2 dagger (venom)
rCold   . . .      Faith    .   (no shield)
rNeg    + . .      Spirit   .   h - +0 robe
rPois   ∞          Reflect  .   (no helmet)
rElec   +          Harm     .   (no cloak)
rCorr   .          Rampage  .   (no gloves)
Will    .....                   (no boots)
Stlth   ++........              (no amulet)
HPRegen 0.13/turn               o - +4 ring of protection
MPRegen 0.15/turn               (no ring)

@: no status effects
A: sickness immunity, AC +5, negative energy resistance 1, electricity
resistance, torment resistance 1, petrification resistance
a: no special abilities


You were on level 5 of the Dungeon.
You visited 1 branch of the dungeon, and saw 6 of its levels.

You collected 218 gold pieces.

Inventory:

Hand Weapons
 a - a +2 dagger of venom (weapon)
Missiles
 f - 65 stones
 q - a throwing net
Armour
 h - a +0 robe (worn)
Jewellery
 d - a +6 ring of strength
 o - a +4 ring of protection (left hand)
 w - a ring of protection from fire
 x - a ring of wizardry
Wands
 l - a wand of flame (24)
 y - a wand of polymorph (7)
 z - a wand of iceblast (5)
Scrolls
 c - a scroll of vulnerability {unknown}
 i - a scroll of immolation {unknown}
 n - a scroll of enchant weapon {unknown}
 p - 2 scrolls of poison {unknown}
 r - a scroll of teleportation {unknown}
 s - 2 scrolls of fear {unknown}
 t - a scroll of identify {unknown}
 u - a scroll of fog {unknown}
Potions
 b - a potion of magic
 e - 2 potions of degeneration {unknown}
 g - 3 potions of curing {unknown}
 j - a potion of flight {unknown}
 k - 2 potions of invisibility {unknown}
 m - a potion of ambrosia {unknown}
 v - 2 potions of might {unknown}
 A - a potion of attraction {unknown}
 B - a potion of resistance


   Skills:
 - Level 1.5 Dodging
 - Level 2.1 Stealth
 + Level 5.5 Spellcasting
 + Level 6.3 Conjurations
 + Level 6.4 Fire Magic


You had 12 spell levels left.
You knew the following spells:

 Your Spells              Type           Power      Damage    Failure   Level
a - Foxfire               Conj/Fire      100%       2x1d9     1%          1
b - Scorch                Fire           56%        2d8       1%          2
c - Conjure Flame         Conj/Fire      28%        6-21      2%          3

Your spell library contained the following spells:

 Spells                   Type           Power      Damage    Failure   Level
 Flame Wave               Conj/Fire      28%        2d9       9%          4
 Inner Flame              Hex/Fire       16%        N/A       10%         3
 Stone Arrow              Conj/Erth      32%        3d9       10%         3
 Sandblast                Erth           10%        2d5       13%         1
 Passwall                 Tmut/Erth      4%         N/A       19%         2


Dungeon Overview and Level Annotations

Branches:
Dungeon (6/15)
 Temple: D:4-7

Altars:
Fedhas
Hepliaklqana

Shops:
D:2 (

Annotations:
D:5 1 transporter


Innate Abilities, Weirdness & Mutations

You are immune to sickness and miasma.
Your stone body is resilient. (AC +5)
You are immune to poison.
You resist negative energy. (rN+)
You are resistant to electric shocks. (rElec)
You are resistant to unholy torment.
You are immune to petrification.


Message History

The gnoll sergeant zombie hits you from afar with a +1 trident of venom!
* * * LOW HITPOINT WARNING * * *
Casting: Foxfire (safe; 1% risk of failure)
Confirm with . or Enter, or press ? or * to list all spells.
You conjure some foxfire!
The foxfire hits the gnoll sergeant zombie.
The gnoll sergeant zombie is heavily damaged.
The foxfire hits the gnoll sergeant zombie!
The gnoll sergeant zombie is severely damaged.
The foxfire hits the ogre zombie.
The ogre zombie is lightly damaged.
The gnoll sergeant zombie hits you but does no damage.
The orc warrior zombie hits you but does no damage.
The gnoll sergeant zombie barely misses you.
Casting: Foxfire (safe; 1% risk of failure)
Confirm with . or Enter, or press ? or * to list all spells.
You conjure some foxfire!
The foxfire hits the ogre zombie.
The ogre zombie is moderately damaged.
The gnoll sergeant zombie hits you from afar with a +1 trident of venom!
* * * LOW HITPOINT WARNING * * *
The foxfire hits the orc warrior zombie.
The orc warrior zombie is almost destroyed.
The foxfire hits the gnoll sergeant zombie.
The gnoll sergeant zombie is almost destroyed.
There is a transporter landing site here.
Casting: Foxfire (safe; 1% risk of failure)
Confirm with . or Enter, or press ? or * to list all spells.
You conjure some foxfire!
The orc warrior zombie closely misses you.
The orc warrior zombie closely misses your foxfire.
The gnoll sergeant zombie hits you but does no damage.
Casting: Foxfire (safe; 1% risk of failure)
Confirm with . or Enter, or press ? or * to list all spells.
You conjure some foxfire!
The foxfire hits the orc warrior zombie!
You destroy the orc warrior zombie!
The foxfire hits the ogre zombie!
The ogre zombie is heavily damaged.
The ogre zombie hits you with a +0 giant club of venom.
You die...

####≈≈≈....#.°°$?$○..##...## #..
...#≈≈..##.#○○○...○°.##...# #.#
..##≈≈.#####°○○°☼○○☼○##...# #.#
.#.##..## #.°○○○☼○○.##...#####.#
###.....# ####°☼○#####..).)....#
≈≈......###.#☼○.Z.○☼###...#####.#
............#○°#Z#○○#............
#...........#○☼.)Z☼○#............
#.......##.##.°#@#§.#............
#.......##..#☼°vv○☼○###.........#
#.......##.##°°°○☼°○# #...#######
#######.##.########## #...#
#######.........©..# #...#
.....#........#....# #...# #
####.#.#####..##...####...# ##
....[#.#####^.####...[....# ##.
..##.#........#####.####.## #..


You could see 2 gnoll sergeant zombies and an ogre zombie (ally target).

Vanquished Creatures
  Sigmund (D:3)
  Eustachio (D:5)
  2 ogres (D:5)
  A phantom (D:5)
  A necrophage (D:5)
  A scorpion (D:4)
  A jelly (D:5)
  2 hounds (D:4)
  A gnoll bouda (D:5)
  2 orc priests (D:4)
  3 iguanas
  Ijyb (D:5)
  Natasha (thrice) (D:2)
  7 adders
  7 gnolls
  An orc zombie (D:5)
  2 ufetubi
  5 dart slugs
  7 orcs
  4 bats
  An endoplasm (D:3)
  6 giant cockroaches
  4 goblins
  5 hobgoblins
  3 quokkas
  8 ball pythons
  7 frilled lizards
  3 kobolds
  9 rats
99 creatures vanquished.

Vanquished Creatures (others)
  466 foxfires
466 creatures vanquished.

Grand Total: 565 creatures vanquished

Notes
Turn   | Place    | Note
-------+----------+-------------------------------------------
     0 | D:1      | FluffGlitter the Gargoyle Fire Elementalist began the quest
                  | for the Orb.
     0 | D:1      | Reached XP level 1. HP: 10/10 MP: 3/3
   608 | D:1      | Reached XP level 2. HP: 15/15 MP: 0/5
  1916 | D:2      | Reached XP level 3. HP: 19/19 MP: 3/6
  2014 | D:2      | Found Duqal's Weapon Shoppe.
  2085 | D:2      | Learned a level 2 spell: Scorch
  2129 | D:2      | Noticed Natasha
  2133 | D:2      | Killed Natasha
  2409 | D:2      | Reached XP level 4. HP: 21/24 MP: 4/8
  2475 | D:2      | Noticed Natasha
  2479 | D:2      | Killed Natasha
  2628 | D:2      | Noticed Natasha
  2635 | D:2      | Killed Natasha
  2937 | D:2      | Reached XP level 5. HP: 28/28 MP: 5/9
  3490 | D:3      | Found a faded altar of an unknown god.
  3651 | D:3      | Found a hazy altar of Hepliaklqana.
  3696 | D:3      | Noticed Sigmund
  3708 | D:3      | Killed Sigmund
  3709 | D:3      | Reached XP level 6. HP: 25/32 MP: 1/11
  4553 | D:4      | Reached skill level 5 in Fire Magic
  4772 | D:4      | Reached XP level 7. HP: 36/36 MP: 8/13
  4828 | D:4      | Learned a level 3 spell: Conjure Flame
  4882 | D:5      | Entered Level 5 of the Dungeon
  4949 | D:5      | Found a blossoming altar of Fedhas.
  5598 | D:5      | Reached skill level 5 in Conjurations
  6334 | D:5      | Noticed Ijyb
  6424 | D:5      | Reached XP level 8. HP: 36/41 MP: 8/15
  6608 | D:5      | Found a transporter.
  6682 | D:5      | Reached skill level 5 in Spellcasting
  6808 | D:5      | Found a transporter.
  7000 | D:5      | Killed Ijyb
  7908 | D:5      | Noticed Eustachio
  7975 | D:5      | Killed Eustachio
  8332 | D:5      | HP: 2/41 [gnoll sergeant zombie/+1 trident of venom (10)]
  8337 | D:5      | Slain by an ogre zombie

Illustrated notes

Levels and vault maps discovered:
D:1:      mainiacjoe_arrival_reflecting_pool, layout_loops_corners
D:2:      layout_basic, serial_shops, shop, uniq_natasha
D:3:      layout_basic, mainiacjoe_overflow_brackets,
          nicolae_ecumenical_snake_handling, minmay_misc_feat_ornament,
          uniq_sigmund
D:4:      layout_cave_pools, grunt_ministairs_9
D:5:      gammafunk_cloud_chamber, layout_loops_cross, fedhas_altar_2,
          grunt_decor_junction, minmay_misc_feat_hallway, uniq_ijyb,
          uniq_eustachio
D:6:      layout_loops_ring, mainiacjoe_overflow_catwalk_spiral,
          minmay_temple_entry_junction

Skill      XL: |  1  2  3  4  5  6  7  8 |
---------------+-------------------------+-----
Conjurations   | 2 3 4 5 6 |  6.3
Spellcasting   | 3 4 5 |  5.5
Fire Magic     | 4 5 6 |  6.4
Dodging        | |  1.5
Stealth        | |  2.1

Action                   |  1- 3 |  4- 6 |  7- 9 || total
-------------------------+-------+-------+-------++-------
Melee: Hand axe          |     2 |       |       ||     2
       Dagger            |       |       |    15 ||    15
 Cast: Foxfire           |    55 |    94 |   132 ||   281
       Scorch            |     1 |     2 |     4 ||     7
       Conjure Flame     |       |       |    12 ||    12
Armor: Robe              |     8 |     9 |    48 ||    65
Dodge: Dodged            |    29 |    12 |    53 ||    94
